 Dungeon Crawl Stone Soup version 0.18-a0-1805-g8ab820f (webtiles) character file.

8 Duffy the Skirmisher (level 2, 19/24 HPs)
             Began as a Demonspawn Fighter on Apr 25, 2016.
             Quit the game on level 1 of the Dungeon.
             The game lasted 00:00:10 (16 turns).

Duffy the Skirmisher (Demonspawn Fighter)             Turns: 16, Time: 00:00:10

Health: 19/24      AC:  6    Str: 16    XL:     2   Next: 0%
Magic:  2/2        EV:  6    Int:  9    God:
Gold:   0          SH:  8    Dex: 12    Spells: 0 memorised, 1 level left

rFire  . . .     SeeInvis .     a - +0 war axe
rCold  . . .     Gourm    .     b - +0 scale mail
rNeg   . . .     Faith    .     c - +0 shield
rPois  .         Spirit   .     (no helmet)
rElec  .         Dismiss  .     (no cloak)
rCorr  .         Reflect  .     (no gloves)
SustAt .         Harm     .     (no boots)
MR     .....                    (no amulet)
Stlth  ..........               (no ring)
                                (no ring)

@: not resistant to hostile enchantments, extremely unstealthy
A: claws 1
a: no special abilities


You were on level 1 of the Dungeon.
You were not hungry.

You visited 1 branch of the dungeon, and saw 1 of its levels.


Innate Abilities, Weirdness & Mutations

You have sharp fingernails.


   Skills:
 - Level 3.0 Fighting
 + Level 2.4 Axes
 - Level 2.6 Armour
 - Level 2.6 Shields


You had one spell level left.
You didn't know any spells.

Inventory:

Hand Weapons
 a - a +0 war axe (weapon)
Armour
 b - a +0 scale mail (worn)
 c - a +0 shield (worn)
Potions
 d - a potion of might
Comestibles
 f - a bread ration

Dungeon Overview and Level Annotations

Branches:
Dungeon (1/15)

Altars:


Message History

The jackal barks!
The hobgoblin shouts!
There are monsters nearby!
Found an emerald potion.
A jackal and a giant cockroach come into view.
Things that are here:
a hunting sling; 6 gold pieces You barely miss the jackal.
The jackal barks!
You block the jackal's attack. x2
You slash the jackal!
You kill the jackal!
You closely miss the jackal. You block the jackal's attack.
The jackal barely misses you. The jackal bites you.
A kobold comes into view. It is wielding a club.
You closely miss the giant cockroach. You closely miss the jackal.
The kobold shouts!
The jackal bites you but does no damage.
The giant cockroach bites you but does no damage.
You block the giant cockroach's attack. You block the jackal's attack.
A hobgoblin comes into view. It is wielding a club.
The hobgoblin shouts!
You slash the giant cockroach!
You kill the giant cockroach!
Your Axes skill increases to level 2!
You barely miss the jackal. You block the jackal's attack.
The jackal bites you but does no damage.
You block the hobgoblin's attack.
You slash the jackal!
You kill the jackal!
You closely miss the hobgoblin. The hobgoblin hits you with a club.
You slash the hobgoblin!
You kill the hobgoblin!
You block the kobold's attack.
Your shield and scale mail prevent you from hitting the kobold.
The kobold hits you but does no damage.
A bat comes into view.
You slash the hobgoblin!
You kill the hobgoblin!
You hit the kobold but do no damage. The kobold hits you but does no damage.
The bat hits you but does no damage.
A bat comes into view.
You miss the kobold. You closely miss the bat. You block the bat's attack.
The kobold barely misses you. The bat hits you. You block the kobold's attack.
You closely miss the bat. You slash the kobold!
You kill the kobold!
You have reached level 2!
Your demonic ancestry asserts itself...
Your fingernails lengthen.
The bat hits you but does no damage. x2
Are you sure you want to abandon this character and quit the game? (Confirm with "yes".)

.... ... . #...
#...#
##..b##.#.#
........#.#
........ !.... #
#.)# ##
#..##.@######..#
#...))........#
#.....b........
#....##'##....
#...##...##...
#...#..<..#
.....##...##
...... ##+##
###..


You could see 2 bats.

Action                   || total
-------------------------++-------
Melee: War axe           ||    10
Armor: Scale mail        ||     7
Dodge: Dodged            ||     2
Block: Shield            ||    10

Notes
Turn   | Place    | Note
--------------------------------------------------------------
     0 | D:1      | Duffy the Demonspawn Fighter began the quest for the Orb.
     0 | D:1      | Reached XP level 1. HP: 18/18 MP: 1/1
     9 | D:1      | Reached skill level 2 in Axes
    15 | D:1      | Gained mutation: You have sharp fingernails. [demonic ancestry]
    15 | D:1      | Reached XP level 2. HP: 18/24 MP: 2/2
    16 | D:1      | Quit the game

Skill      XL: |  1 |
---------------+----+-----
Axes           | 2 |  2.4
Fighting       | |  3.0
Armour         | |  2.6
Shields        | |  2.6

Vault maps used:
D:1:      dpeg_arrival_shelter, minmay_misc_feat_square,
          minmay_misc_feat_enclosed, dk_noncrumbling_4

Vanquished Creatures
  A giant cockroach
  2 hobgoblins
  2 jackals
  A kobold
6 creatures vanquished.
